SR
MOOSE JAW CANUCKS @ UNION CITY HILLERS
08/23/2034
 
TOP OF THE 1ST
Moose Jaw Canucks batting - Pitching for Union City Hillers : RHP Eisse van Gils
Pitching: RHP Eisse van Gils
Batting: LHB John Castro 0-0: Ball
1-0: Ball
2-0: Fly out, F9 (Flyball, 9LS)
Batting: RHB Gary Bruce 0-0: Called Strike
0-1: Fly out, F7 (Flyball, 7)
Batting: RHB Peer Kattenberg 0-0: Called Strike
0-1: Ball
1-1: SINGLE (Groundball, 34S) (infield hit)
Batting: LHB Bryan Decker 0-0: Foul Ball, location: 2F
0-1: Ground out 4-3 (Groundball, 34)
Top of the 1st over - 0 runs, 1 hit, 0 errors, 1 left on base; Moose Jaw 0 - Union City 0
BOTTOM OF THE 1ST
Union City Hillers batting - Pitching for Moose Jaw Canucks : RHP Alfonso Hadalgo
Pitching: RHP Alfonso Hadalgo
Batting: RHB Steffen Jones 0-0: Ball
1-0: Called Strike
1-1: Reached on error, E5 (Groundball, 56)
Batting: RHB Tony Juderías 0-0: Ball
Steffen Jones steals 2nd base
1-0: Hit by Pitch
Batting: LHB Seb Blanch 0-0: Ball
1-0: Ball
2-0: Ball
3-0: Called Strike
3-1: Base on Balls
Steffen Jones to third
Tony Juderías to second
Batting: SHB Mo Meaker 0-0: Ball
1-0: Called Strike
1-1: Ball
2-1: Fielders Choice at 2nd, 4-6 (Groundball, 4)
Steffen Jones scores
Tony Juderías to third
Batting: RHB Joe Gram 0-0: Ball
1-0: Called Strike
1-1: Fly out, F8 (Flyball, 8LD)
Runner from 3rd tags up, OUT at HOME
Bottom of the 1st over - 1 run, 0 hits, 1 error, 1 left on base; Moose Jaw 0 - Union City 1
TOP OF THE 2ND
Moose Jaw Canucks batting - Pitching for Union City Hillers : RHP Eisse van Gils
Batting: SHB Millard Guzowski 0-0: Called Strike
0-1: Ball
1-1: SINGLE (Groundball, 56D)
Batting: RHB Bernardo Rodríguez 0-0: Ball
1-0: Called Strike
1-1: Ball
2-1: SINGLE (Line Drive, 8LM)
Millard Guzowski to second
Batting: LHB Iván Rivera 0-0: Ball
1-0: Called Strike
1-1: Foul Ball, location: 2F
1-2: Strikes out swinging
Batting: RHB Reynaldo Suárez 0-0: Ball
1-0: Fly out, F9 (Flyball, 9S)
Batting: RHB Rafael Mastache 0-0: Ball
1-0: Called Strike
1-1: SINGLE (Groundball, 6MD)
Millard Guzowski to third
Bernardo Rodríguez to second
Runner from 3rd tries for Home, SAFE, no throw
Batting: LHB John Castro 0-0: Ball
1-0: Ball
2-0: Ball
3-0: Base on Balls
Bernardo Rodríguez to third
Rafael Mastache to second
Batting: RHB Gary Bruce 0-0: DOUBLE (Line Drive, 89D)
Bernardo Rodríguez scores
Rafael Mastache scores
John Castro to third
Runner from 3rd tries for Home, SAFE, no throw
Batting: RHB Peer Kattenberg 0-0: SINGLE (Flyball, 89M)
Gary Bruce to third
Runner from 3rd tries for Home, SAFE, no throw
Batting: LHB Bryan Decker 0-0: Foul Ball, location: 2F
0-1: Called Strike
0-2: Foul Ball, location: 2F
0-2: Ball
1-2: Strikes out looking
Top of the 2nd over - 5 runs, 5 hits, 0 errors, 1 left on base; Moose Jaw 5 - Union City 1
BOTTOM OF THE 2ND
Union City Hillers batting - Pitching for Moose Jaw Canucks : RHP Alfonso Hadalgo
Batting: RHB Artur Nugaev 0-0: Swinging Strike
0-1: Ball
1-1: Ground out 5-3 (Groundball, 56)
Batting: RHB Guaire O'Clavin 0-0: Called Strike
0-1: Ball
1-1: Ball
2-1: Fly out, F5 (Line Drive, 5)
Batting: RHB Xavier Conceio 0-0: Ball
1-0: Fly out, F9 (Flyball, 9S)
Bottom of the 2nd over - 0 runs, 0 hits, 0 errors, 0 left on base; Moose Jaw 5 - Union City 1
TOP OF THE 3RD
Moose Jaw Canucks batting - Pitching for Union City Hillers : RHP Eisse van Gils
Batting: SHB Millard Guzowski 0-0: Called Strike
0-1: Ball
1-1: Foul Ball, location: 2F
1-2: SOLO HOME RUN (Flyball, 8LXD), Distance : 448 ft
Batting: RHB Bernardo Rodríguez 0-0: Called Strike
0-1: Ball
1-1: Ball
2-1: Foul Ball, location: 2F
2-2: Foul Ball, location: 2F
2-2: Foul Ball, location: 2F
2-2: Ball
3-2: Fly out, F7 (Flyball, 7LMF)
Batting: LHB Iván Rivera 0-0: Ball
1-0: Ball
2-0: Called Strike
2-1: Swinging Strike
2-2: Ball
3-2: Foul Ball, location: 2F
3-2: Strikes out swinging
Batting: RHB Reynaldo Suárez 0-0: Ball
1-0: Ball
2-0: Swinging Strike
2-1: Swinging Strike
2-2: Ball
3-2: Foul Ball, location: 2F
3-2: Strikes out swinging
Top of the 3rd over - 1 run, 1 hit, 0 errors, 0 left on base; Moose Jaw 6 - Union City 1
BOTTOM OF THE 3RD
Union City Hillers batting - Pitching for Moose Jaw Canucks : RHP Alfonso Hadalgo
Batting: RHB Orlando Hernández 0-0: Ball
1-0: Ball
2-0: Swinging Strike
2-1: Foul Ball, location: 2F
2-2: Ground out 1-3 (Groundball, 15S)
Batting: RHB Steffen Jones 0-0: Called Strike
0-1: Foul Ball, location: 2F
0-2: Ball
1-2: Ball
2-2: Foul Ball, location: 2F
2-2: Ball
3-2: SINGLE (Groundball, 6MD)
Batting: RHB Tony Juderías 0-0: Foul Ball, location: 2F
0-1: Grounds into double play, 4-6-3 (Groundball, 4)
Bottom of the 3rd over - 0 runs, 1 hit, 0 errors, 0 left on base; Moose Jaw 6 - Union City 1
TOP OF THE 4TH
Moose Jaw Canucks batting - Pitching for Union City Hillers : RHP Eisse van Gils
Batting: RHB Rafael Mastache 0-0: Called Strike
0-1: Ground out 5-3 (Groundball, 56)
Batting: LHB John Castro 0-0: Ball
1-0: Ball
2-0: Ball
3-0: Called Strike
3-1: Base on Balls
Batting: RHB Gary Bruce 0-0: Foul Ball, location: 2F
0-1: Foul Ball, location: 2F
0-2: Ball
1-2: SINGLE (Line Drive, 4MD)
John Castro to second
Runner from 2nd tries for 3rd, SAFE, no throw
Batting: RHB Peer Kattenberg 0-0: Ball
1-0: Called Strike
1-1: Fielders Choice at 2nd, 6-4 (Groundball, 6)
John Castro scores
Batting: LHB Bryan Decker 0-0: Swinging Strike
0-1: Swinging Strike
0-2: Strikes out looking
Top of the 4th over - 1 run, 1 hit, 0 errors, 1 left on base; Moose Jaw 7 - Union City 1
BOTTOM OF THE 4TH
Union City Hillers batting - Pitching for Moose Jaw Canucks : RHP Alfonso Hadalgo
Batting: LHB Seb Blanch 0-0: Ball
1-0: Swinging Strike
1-1: Ball
2-1: Foul Ball, location: 2F
2-2: Strikes out swinging
Batting: SHB Mo Meaker 0-0: Ball
1-0: Ball
2-0: Foul Ball, location: 2F
2-1: Ball
3-1: Fly out, F8 (Flyball, 8LD)
Batting: RHB Joe Gram 0-0: Ball
1-0: Called Strike
1-1: SINGLE (Flyball, 9S)
Batting: RHB Artur Nugaev 0-0: Called Strike
0-1: Ball
1-1: Ball
2-1: Swinging Strike
2-2: Ball
3-2: Foul Ball, location: 2F
3-2: Base on Balls
Joe Gram to second
Batting: RHB Guaire O'Clavin 0-0: Swinging Strike
0-1: Swinging Strike
0-2: Strikes out swinging
Bottom of the 4th over - 0 runs, 1 hit, 0 errors, 2 left on base; Moose Jaw 7 - Union City 1
TOP OF THE 5TH
Moose Jaw Canucks batting - Pitching for Union City Hillers : RHP Eisse van Gils
Batting: SHB Millard Guzowski 0-0: Called Strike
0-1: Foul Ball, location: 2F
0-2: Ball
1-2: Foul Ball, location: 2F
1-2: Strikes out swinging
Batting: RHB Bernardo Rodríguez 0-0: Called Strike
0-1: Swinging Strike
0-2: Ball
1-2: Foul Ball, location: 2F
1-2: Strikes out swinging
Batting: LHB Iván Rivera 0-0: Ground out 5-3 (Groundball, 5)
Top of the 5th over - 0 runs, 0 hits, 0 errors, 0 left on base; Moose Jaw 7 - Union City 1
BOTTOM OF THE 5TH
Union City Hillers batting - Pitching for Moose Jaw Canucks : RHP Alfonso Hadalgo
Batting: RHB Xavier Conceio 0-0: DOUBLE (Flyball, 8LD)
Batting: RHB Orlando Hernández 0-0: Called Strike
0-1: Ball
1-1: Ball
2-1: Foul Ball, location: 2F
2-2: Foul Ball, location: 2F
2-2: DOUBLE (Line Drive, 78D)
Xavier Conceio scores
Batting: RHB Steffen Jones 0-0: Fly out, F8 (Flyball, 8LD)
Batting: RHB Tony Juderías 0-0: Ball
1-0: Ball
2-0: Called Strike
2-1: Foul Ball, location: 2F
2-2: SINGLE (Flyball, 7S)
Orlando Hernández to third
Batting: LHB Seb Blanch 0-0: Called Strike
0-1: Ball
1-1: Ball
2-1: Called Strike
Tony Juderías steals 2nd base
2-2: Ball
3-2: Foul Ball, location: 2F
3-2: Base on Balls
Batting: SHB Mo Meaker 0-0: Ball
1-0: SINGLE (Flyball, 78S)
Orlando Hernández scores
Tony Juderías to third
Seb Blanch to second
Runner from 3rd tries for Home, SAFE, no throw
Batting: RHB Joe Gram 0-0: Ball
1-0: Fly out, F4 (Line Drive, 4)
Batting: RHB Artur Nugaev 0-0: Ball
Wild Pitch!
Seb Blanch to third
Mo Meaker to second
1-0: SINGLE (Line Drive, 4D)
Seb Blanch scores
Mo Meaker to third
Runner from 3rd tries for Home, SAFE, no throw
Batting: RHB Guaire O'Clavin 0-0: Ball
1-0: Foul Ball, location: 2F
1-1: Ball
2-1: Foul Ball, location: 2F
2-2: Ball
3-2: Strikes out swinging
Bottom of the 5th over - 5 runs, 5 hits, 0 errors, 1 left on base; Moose Jaw 7 - Union City 6
TOP OF THE 6TH
Moose Jaw Canucks batting - Pitching for Union City Hillers : RHP Eisse van Gils
Batting: RHB Reynaldo Suárez 0-0: Ball
1-0: Foul Ball, location: 2F
1-1: SINGLE (Groundball, 6M) (infield hit)
Batting: RHB Rafael Mastache 0-0: Ball
1-0: Ball
2-0: Ball
3-0: Foul Ball, location: 2F
3-1: Called Strike
3-2: Base on Balls
Reynaldo Suárez to second
Pitching: LHP Wally Blue
Batting: LHB John Castro 0-0: Sac Bunt - play at first, batter OUT! 1-3
Reynaldo Suárez to third
Rafael Mastache to second
Batting: RHB Gary Bruce 0-0: Ball
1-0: Swinging Strike
1-1: Foul Ball, location: 2F
1-2: Ball
2-2: Strikes out swinging
Batting: RHB Peer Kattenberg 0-0: Ball
1-0: Foul Ball, location: 2F
1-1: Swinging Strike
1-2: Strikes out swinging
Top of the 6th over - 0 runs, 1 hit, 0 errors, 2 left on base; Moose Jaw 7 - Union City 6
BOTTOM OF THE 6TH
Union City Hillers batting - Pitching for Moose Jaw Canucks : RHP Alfonso Hadalgo
Batting: RHB Xavier Conceio 0-0: Swinging Strike
0-1: Ball
1-1: Fly out, F2 (Popup, 23F)
Batting: RHB Orlando Hernández 0-0: Ball
1-0: Called Strike
1-1: Swinging Strike
1-2: Ground out U3 (Groundball, 3L)
Batting: RHB Steffen Jones 0-0: Called Strike
0-1: Fly out, F7 (Line Drive, 7LD)
Bottom of the 6th over - 0 runs, 0 hits, 0 errors, 0 left on base; Moose Jaw 7 - Union City 6
TOP OF THE 7TH
Moose Jaw Canucks batting - Pitching for Union City Hillers : LHP Wally Blue
Batting: LHB Bryan Decker 0-0: Called Strike
0-1: Foul Ball, location: 2F
0-2: Ball
1-2: Ball
2-2: Ball
3-2: Fly out, F7 (Flyball, 7S)
Batting: SHB Millard Guzowski 0-0: Ball
1-0: Foul Ball, location: 2F
1-1: Swinging Strike
1-2: Foul Ball, location: 2F
1-2: Ball
2-2: Ball
3-2: Foul Ball, location: 2F
3-2: Base on Balls
Batting: RHB Bernardo Rodríguez 0-0: Ball
1-0: Called Strike
1-1: DOUBLE (Flyball, 8RXD)
Millard Guzowski to third
Batting: LHB Iván Rivera 0-0: Called Strike
0-1: Foul Ball, location: 2F
0-2: Ball
1-2: Strikes out swinging
Batting: RHB Reynaldo Suárez 0-0: Called Strike
0-1: Called Strike
0-2: Strikes out looking
Top of the 7th over - 0 runs, 1 hit, 0 errors, 2 left on base; Moose Jaw 7 - Union City 6
BOTTOM OF THE 7TH
Union City Hillers batting - Pitching for Moose Jaw Canucks : RHP Alfonso Hadalgo
Batting: RHB Tony Juderías 0-0: Called Strike
0-1: Foul Ball, location: 2F
0-2: Ball
1-2: Strikes out swinging
Batting: LHB Seb Blanch 0-0: Ball
1-0: Ground out 4-3 (Groundball, 34)
Batting: SHB Mo Meaker 0-0: Called Strike
0-1: Called Strike
0-2: Ball
1-2: Ball
2-2: Ground out 1-4-3 (Groundball, 15S)
Bottom of the 7th over - 0 runs, 0 hits, 0 errors, 0 left on base; Moose Jaw 7 - Union City 6
TOP OF THE 8TH
Moose Jaw Canucks batting - Pitching for Union City Hillers : LHP Wally Blue
Batting: RHB Rafael Mastache 0-0: SINGLE (Groundball, 56D)
Batting: LHB John Castro 0-0: Called Strike
0-1: Sac Bunt - play at first, batter OUT! U3
Rafael Mastache to second
Batting: RHB Gary Bruce 0-0: Fly out, F8 (Flyball, 8RD)
Batting: RHB Peer Kattenberg 0-0: Called Strike
0-1: Foul Ball, location: 2F
0-2: Ball
1-2: Ball
2-2: Foul Ball, location: 2F
2-2: Strikes out swinging
Top of the 8th over - 0 runs, 1 hit, 0 errors, 1 left on base; Moose Jaw 7 - Union City 6
BOTTOM OF THE 8TH
Union City Hillers batting - Pitching for Moose Jaw Canucks : RHP Alfonso Hadalgo
Batting: RHB Joe Gram 0-0: Ball
1-0: Ball
2-0: Foul Ball, location: 2F
2-1: Ball
3-1: Base on Balls
Pitching: RHP Enrique Durán
Batting: RHB Artur Nugaev 0-0: Bunted foul
0-1: Sac Bunt - play at first, batter OUT! 3-4
Joe Gram to second
Batting: RHB Guaire O'Clavin 0-0: Called Strike
0-1: Ball
1-1: Ball
2-1: Ball
3-1: Reached on error, E5 (Groundball, 56)
Joe Gram scores
Batting: RHB Xavier Conceio 0-0: Ball
1-0: Ball
2-0: SINGLE (Groundball, 56S) (infield hit)
Guaire O'Clavin to third
Batting: RHB Orlando Hernández 0-0: Fly out, F8 (Flyball, 8RD)
Runner from 3rd tags up, SCORES, throw made
Batting: RHB Steffen Jones 0-0: Called Strike
0-1: Foul Ball, location: 2F
0-2: Ball
1-2: Ball
2-2: Foul Ball, location: 2F
2-2: Foul Ball, location: 2F
2-2: Foul Ball, location: 2F
2-2: Foul Ball, location: 2F
2-2: Ball
3-2: DOUBLE (Line Drive, 8RXD)
Xavier Conceio to third
Xavier Conceio scores
Batting: RHB Tony Juderías 0-0: Ball
1-0: Ball
2-0: Fly out, F7 (Flyball, 7S)
Bottom of the 8th over - 3 runs, 2 hits, 1 error, 1 left on base; Moose Jaw 7 - Union City 9
TOP OF THE 9TH
Moose Jaw Canucks batting - Pitching for Union City Hillers : LHP Wally Blue
Pitching: RHP César Torres
Batting: LHB Bryan Decker 0-0: Ball
1-0: Ball
2-0: Foul Ball, location: 2F
2-1: Ball
3-1: SINGLE (Line Drive, 8LS)
Batting: SHB Millard Guzowski 0-0: Swinging Strike
0-1: Ball
1-1: SINGLE (Line Drive, 89S)
Bryan Decker to second
Batting: RHB Bernardo Rodríguez 0-0: Ball
1-0: Called Strike
1-1: Called Strike
1-2: Strikes out looking
Batting: LHB Iván Rivera 0-0: Fly out, F7 (Flyball, 7)
Pinch Hitting: RHB Jeffrey Braz 0-0: Ball
1-0: Fly out, F4 (Popup, 34D)
Top of the 9th over - 0 runs, 2 hits, 0 errors, 2 left on base; Moose Jaw 7 - Union City 9
Friday, March 29th, 2019 - OOTP Baseball 18.8 Build 76